Map: 공허 분쇄

Players

테라진

  • Race: Protoss Protoss
  • Spawn Location: 9:00

펜타네스트

  • Race: Terran Terran
  • Spawn Location: 6:00

VOD

Have the link to the VOD?

Description

Time

  • Played on: Aug. 20, 2017, 2:02 a.m.
  • Length: 15:26
Show
View Real Time Build Order
Export as new Build Order

테라진 Protoss 

Build Orders:  

Get SALT Encoding   

  12  0:02  Probe (Chrono Boost)  
  13  0:17  Probe (Chrono Boost)  
  14  0:31  Probe (Chrono Boost)  
  14  0:32  Pylon  
  15  0:56  Probe (Chrono Boost)  
  16  1:10  Probe (Chrono Boost)  
  17  1:23  Pylon  
  17  1:24  Probe (Chrono Boost)  
  18  1:38  Probe (Chrono Boost)  
  19  1:52  Probe (Chrono Boost)  
  19  1:53  Nexus  
  20  2:02  Assimilator  
  20  2:07  Assimilator, Probe (Chrono Boost)  
  21  2:24  Probe (Chrono Boost)  
  21  2:29  Gateway  
  22  2:38  Probe (Chrono Boost)  
  23  2:49  Pylon  
  23  2:52  Probe (Chrono Boost)  
  24  3:06  Probe (Chrono Boost)  
  25  3:12  Pylon  
  25  3:20  Probe (Chrono Boost)  
  26  3:34  Probe (Chrono Boost)  
  26  3:36  Probe (Chrono Boost)  
  26  3:37  Cybernetics Core  
  28  3:47  Probe (Chrono Boost)  
  29  3:50  Probe (Chrono Boost)  
  30  4:01  Probe (Chrono Boost)  
  30  4:04  Probe (Chrono Boost)  
  32  4:10  Pylon  
  32  4:18  Probe (Chrono Boost)  
  33  4:20  Assimilator  
  33  4:32  Pylon, Probe (Chrono Boost)  
  34  4:45  Probe (Chrono Boost)  
  34  4:49  Death Council  
  35  4:50  Probe (Chrono Boost), Warp Gate  
  35  4:59  Probe (Chrono Boost)  
  36  5:01  Assimilator  
  36  5:04  Probe (Chrono Boost)  
  38  5:13  Probe (Chrono Boost)  
  38  5:18  Probe (Chrono Boost)  
  40  5:22  Gateway  
  40  5:27  Probe (Chrono Boost)  
  40  5:28  Pylon  
  41  5:32  Probe (Chrono Boost)  
  42  5:40  Ascendant Archives  
  42  5:41  Probe (Chrono Boost)  
  42  5:46  Probe (Chrono Boost)  
  42  5:48  Forge  
  44  5:55  Probe (Chrono Boost)  
  45  6:06  Pylon  
  45  6:32  Pylon  
  45  6:36  Pylon  
  45  6:42  Imposing Presence (Chrono Boost), Power Overwhelming  
  45  6:48  Probe (Chrono Boost)  
  46  6:52  Gateway x2  
  46  6:54  Gateway  
  46  6:59  Gateway  
  46  7:02  Probe (Chrono Boost)  
  47  7:16  Probe (Chrono Boost)  
  47  7:18  Pylon  
  48  7:39  Pylon  
  48  7:47  Mind Blast  
  48  7:53  Nexus  
  48  7:54  Gateway  
  48  7:55  Gateway  
  48  8:08  Ascendant  
  48  8:09  Ascendant  
  52  8:15  Mothership  
  52  8:16  Supplicant x2  
  52  8:17  Supplicant x2  
  58  8:33  Ascendant x2  
  58  8:36  Chaotic Attunement  
  56  9:11  Ascendant x3  
  56  9:12  Ascendant  
  56  9:14  Supplicant x2  
  56  9:15  Supplicant x2  
  72  9:28  Probe  
  64  9:43  Cloaking Module  
  64  9:48  Supplicant x4  
  72  9:50  Ascendant x2  
  72  9:51  Pylon  
  72  9:55  Havoc  
  72  9:57  Supplicant x2  
  72  9:58  Supplicant x2  
  72  9:59  Ascendant  
  87  10:22  Supplicant x2  
  87  10:23  Supplicant x6  
  87  10:24  Ascendant, Pylon  
  103  10:46  Ascendant  
  103  10:47  Ascendant  
  82  11:13  Supplicant x2  
  82  11:14  Supplicant x6  
  82  11:15  Ascendant  
  96  11:28  Havoc  
  89  11:47  Supplicant x6  
  89  11:48  Ascendant  
  85  12:08  Ascendant  
  83  12:10  Supplicant x6  
  83  12:11  Supplicant x2  
  83  12:19  Pylon  
  95  12:26  Pylon  
  83  12:52  Supplicant x6  
  83  12:53  Supplicant x4  
  89  13:01  Supplicant x2  
  89  13:10  Ascendant x2  
  89  13:13  Ascendant  
  89  13:15  Supplicant x2  
  89  13:17  Supplicant x2  
  91  13:32  Supplicant x2  
  91  13:33  Supplicant x2  
  93  13:40  Supplicant x2  
  93  13:53  Supplicant x2  
  93  14:00  Pylon  
  93  14:03  Supplicant x2  
  95  14:16  Pylon  
  95  14:25  Supplicant x2  
  95  14:26  Supplicant x2  
  95  14:28  Supplicant x2  
  89  14:52  Supplicant x4  
  89  14:53  Supplicant x2  
Show
View Real Time Build Order
Export as new Build Order

펜타네스트 Terran 

Build Orders:  

Get SALT Encoding   

  12  0:03  SCV  
Tags
 
Commander
AlarakRaynor
Matchup
Co-op
Replay Pack
Co-op Speedrun
Add a new tag
Caveats
  • Supply blocks, unpowered buildings, or Contaminate may cause inaccurate times.
  • Supply counts are checked every 10 seconds.